Map: New Repugnancy LE

Players

PtitDrogo - Winner!

  • Race: Protoss Protoss
  • League: Master
  • Spawn Location: 1:00

Zanster

  • Race: Zerg Zerg
  • Spawn Location: 7:00

Event: HomeStory Cup XIX

VOD

Have the link to the VOD?

Description

Time

  • Played on: June 28, 2019, 11:41 a.m.
  • Length: 10:27

All games in this series

Show
View Real Time Build Order
Export as new Build Order

PtitDrogo Protoss - Winner!

Build Orders: 1 Gate Expand, Oracle Opening, Archon Immortal 

Get SALT Encoding   

  12  0:00  Probe  
  13  0:13  Probe  
  14  0:19  Pylon  
  14  0:25  Probe  
  15  0:33  Probe  
  15  0:41  Probe, Gateway  
  16  0:47  Assimilator  
  17  0:51  Probe  
  18  1:03  Probe  
  19  1:15  Probe  
  20  1:26  Nexus  
  20  1:35  Cybernetics Core  
  20  1:39  Probe  
  21  1:45  Assimilator  
  21  1:51  Probe  
  21  1:53  Pylon  
  22  2:02  Adept  
  22  2:03  Probe  
  23  2:15  Probe  
  26  2:18  Stargate  
  26  2:26  Stalker, Warp Gate  
  26  2:29  Probe  
  27  2:35  Probe  
  29  2:41  Probe  
  29  2:43  Probe  
  32  2:52  Probe  
  32  2:53  Probe  
  32  2:56  Oracle  
  34  3:05  Probe x2  
  39  3:17  Probe x2  
  41  3:20  Pylon  
  41  3:23  Oracle  
  41  3:25  Gateway  
  41  3:29  Probe x2  
  46  3:37  Assimilator  
  46  3:39  Assimilator  
  46  3:41  Probe x2  
  48  3:49  Pylon  
  48  3:51  Robotics Facility  
  48  3:53  Probe x2  
  50  4:05  Probe x2  
  52  4:11  Pylon  
  52  4:17  Probe  
  52  4:18  Probe  
  54  4:28  Zealot, Sentry  
  54  4:29  Probe  
  54  4:30  Probe  
  60  4:31  Immortal  
  60  4:41  Probe  
  60  4:42  Probe  
  60  4:44  Twilight Council  
  60  4:45  Forge  
  66  5:01  Immortal  
  66  5:02  Nexus  
  66  5:03  Pylon  
  66  5:06  Pylon  
  66  5:12  Protoss Ground Weapons Level 1  
  70  5:20  Charge  
  70  5:26  Templar Archives  
  70  5:27  Phoenix  
  70  5:32  Gateway  
  70  5:33  Gateway  
  70  5:35  Gateway  
  70  5:38  Gateway  
  70  5:43  Warp Prism  
  70  5:45  Gateway  
  72  5:50  Sentry x2  
  72  5:52  Pylon  
  76  5:57  Pylon  
  76  5:58  Probe  
  76  5:59  Probe  
  78  6:08  Gateway  
  78  6:09  Gateway  
  78  6:10  Immortal  
  78  6:11  Probe  
  79  6:18  Probe  
  84  6:26  High Templar x2  
  84  6:27  Zealot x2  
  84  6:30  Archon  
  84  6:31  Pylon  
  92  6:37  Zealot  
  94  6:40  High Templar  
  94  6:41  High Templar  
  94  6:47  Immortal, Archon  
  98  6:49  Zealot x2  
  100  6:59  Zealot x2  
  100  7:00  Zealot  
  106  7:03  Zealot x2  
  106  7:06  Protoss Ground Weapons Level 2  
  109  7:12  Zealot x2  
  103  7:19  Immortal  
  103  7:20  Zealot x3  
  103  7:22  Zealot  
  103  7:26  Probe  
  106  7:35  Sentry x2  
  110  7:38  Zealot x2  
  114  7:46  Pylon  
  114  7:53  Zealot x4  
  122  7:59  High Templar  
  122  8:04  High Templar  
  122  8:05  Zealot x3  
  128  8:09  Archon  
  132  8:13  Pylon  
  132  8:15  Pylon  
  132  8:17  Pylon  
  132  8:31  Probe  
  126  8:36  Probe  
  111  9:05  Phoenix x2  
Show
View Real Time Build Order
Export as new Build Order

Zanster Zerg 

Build Orders: Hatch First 

Get SALT Encoding   

  12  0:00  Drone  
  13  0:12  Overlord  
  13  0:16  Drone  
  14  0:31  Drone x2  
  16  0:49  Hatchery  
  15  0:52  Drone  
  15  0:55  Drone  
  17  0:58  Drone  
  18  1:08  Extractor  
  17  1:13  Spawning Pool  
  17  1:16  Drone  
  17  1:20  Drone  
  18  1:28  Drone  
  19  1:39  Drone  
  20  1:50  Drone  
  21  2:01  Queen, Overlord  
  23  2:02  Queen  
  23  2:03  Zergling x2  
  26  2:09  Metabolic Boost  
  26  2:11  Drone  
  26  2:13  Zergling x2  
  28  2:21  Drone  
  28  2:22  Drone  
  30  2:38  Hatchery  
  30  2:42  Queen  
  31  2:44  Drone  
  31  2:48  Drone  
  31  2:49  Drone  
  34  2:53  Overlord  
  34  2:56  Drone  
  35  2:58  Drone  
  35  3:05  Overlord  
  36  3:08  Overlord  
  36  3:11  Drone  
  36  3:12  Drone  
  38  3:14  Drone  
  38  3:15  Drone  
  40  3:21  Overlord  
  40  3:23  Drone  
  40  3:26  Spore Crawler  
  40  3:29  Spore Crawler  
  40  3:31  Drone  
  40  3:34  Drone  
  41  3:35  Drone  
  41  3:37  Drone  
  41  3:40  Drone  
  41  3:41  Drone  
  45  3:44  Drone  
  45  3:46  Drone x2  
  45  3:48  Drone  
  48  3:51  Drone  
  48  3:52  Drone  
  48  3:54  Drone  
  51  3:58  Lair  
  51  4:05  Spore Crawler  
  51  4:06  Overlord  
  51  4:08  Drone x2  
  51  4:09  Drone  
  53  4:12  Spore Crawler  
  53  4:13  Drone x2  
  53  4:14  Drone  
  53  4:16  Spore Crawler  
  53  4:17  Drone  
  57  4:18  Drone  
  57  4:20  Drone  
  57  4:22  Drone x2  
  61  4:24  Drone  
  61  4:26  Drone  
  61  4:29  Drone  
  62  4:36  Drone, Roach Warren  
  62  4:37  Drone  
  57  4:42  Drone x2  
  57  4:45  Extractor  
  57  4:46  Extractor x2  
  57  4:47  Queen  
  57  4:51  Drone  
  57  4:52  Drone x2  
  60  4:55  Queen  
  60  4:57  Drone  
  64  5:00  Drone  
  64  5:03  Overlord  
  64  5:04  Overlord  
  64  5:13  Overlord  
  64  5:15  Glial Reconstitution  
  64  5:17  Roach x4  
  64  5:18  Roach  
  74  5:22  Roach x3  
  74  5:24  Roach  
  80  5:29  Roach  
  80  5:32  Overlord  
  82  5:40  Roach x2  
  86  5:47  Roach x2  
  86  5:49  Roach  
  92  5:52  Roach x3, Overlord  
  98  5:57  Roach x4  
  98  6:01  Overlord  
  98  6:04  Overlord x2  
  106  6:06  Overlord  
  106  6:11  Roach  
  108  6:13  Roach  
  108  6:16  Roach  
  112  6:19  Roach  
  112  6:22  Roach x4  
  122  6:26  Roach  
  122  6:29  Roach x2  
  122  6:30  Evolution Chamber  
  129  6:33  Roach x2  
  129  6:34  Overlord  
  135  6:40  Roach x3  
  135  6:41  Roach  
  135  6:46  Overlord  
  137  6:49  Drone  
  137  6:52  Extractor x2  
  137  6:53  Spire  
  135  6:56  Drone  
  135  6:57  Drone  
  135  6:58  Drone  
  135  7:00  Drone  
  140  7:01  Drone  
  140  7:03  Drone  
  140  7:05  Drone  
  140  7:07  Drone  
  140  7:08  Overlord  
  141  7:13  Roach x5  
  113  7:23  Roach  
  113  7:24  Roach x2  
  113  7:28  Roach  
  113  7:29  Roach  
  112  7:35  Roach  
  112  7:36  Roach  
  116  7:39  Roach  
  118  7:49  Roach  
  118  7:50  Roach x2  
  118  7:51  Roach  
  126  7:54  Hatchery  
  125  7:59  Zergling x18  
  125  8:04  Overlord  
  130  8:21  Mutalisk x5  
  135  8:30  Mutalisk x3  
  107  8:46  Mutalisk x3  
  68  9:21  Hatchery  
  68  9:23  Hatchery  
Tags
 
Add a new tag
Caveats
  • Supply blocks, unpowered buildings, or Contaminate may cause inaccurate times.
  • Supply counts are checked every 10 seconds.